 Dungeon Crawl Stone Soup version 0.26.0-18-gc5c842f807 (webtiles) character file.

Game seed: 11365937699192734516

12478 sipior the Frost Mage (level 11, -4/84 HPs)
             Began as a Ghoul Ice Elementalist on Jan 22, 2021.
             Was an Elder of Vehumet.
             Slain by a six-headed hydra (11 damage)
             ... on level 2 of the Lair of Beasts.
             The game lasted 01:14:19 (16796 turns).

sipior the Frost Mage (Ghoul Ice Elementalist)     Turns: 16796, Time: 01:14:19

Health: -4/84      AC: 15    Str: 13    XL:     11   Next: 94%
Magic:  13/21      EV: 10    Int: 13    God:    Vehumet [****..]
Gold:   594        SH:  4    Dex:  9    Spells: 6/24 levels left

rFire    + . .     SeeInvis .   b - +2 long sword (flame)
rCold    + . .     Faith    .   B - +0 buckler
rNeg     + + +     Spirit   .   O - +3 scale mail {rF+}
rPois    ∞         Reflect  .   g - +0 helmet
rElec    .         Harm     .   e - +0 cloak {Stlth+}
rCorr    +         Rampage  .   P - +1 pair of gloves
Will     .....                  i - +1 pair of boots
Stlth    +.........             f - amulet of the acrobat
HPRegen  0.00/turn              t - ring of resist corrosion
MPRegen  0.17/turn              E - ring of stealth

@: frozen ramparts
A: claws 1, cold resistance 1, negative energy resistance 3, inhibited
regeneration, torment resistance, unbreathing
a: Renounce Religion


You were on level 2 of the Lair of Beasts.
You worshipped Vehumet.
Vehumet was greatly pleased with you.
You visited 3 branches of the dungeon, and saw 14 of its levels.
You also visited: Sewer.

You collected 1083 gold pieces.
You spent 489 gold pieces at shops.

Inventory:

Hand Weapons
 a - a +4 double sword of draining
 b - a +2 long sword of flaming (weapon)
Missiles
 p - 14 poisoned darts (quivered)
 T - 3 curare-tipped darts
Armour
 e - a +0 cloak of stealth (worn)
 g - a +0 helmet (worn)
 i - a +1 pair of boots (worn)
 B - a +0 buckler (worn)
 O - a +3 scale mail of fire resistance (worn)
 P - a +1 pair of gloves (worn)
 S - a scarf of invisibility
Jewellery
 f - an amulet of the acrobat (around neck)
 t - a ring of resist corrosion (left hand)
 y - an uncursed amulet of regeneration {unknown}
 E - a ring of stealth (right hand)
 U - an uncursed ring of ice
 W - an uncursed ring of flight
Wands
 w - a wand of polymorph (3)
 C - a wand of digging (8)
 N - a wand of flame (1)
 V - a wand of iceblast (7)
Scrolls
 c - a scroll of blinking {unknown}
 d - 5 scrolls of teleportation
 k - a scroll of brand weapon {unknown}
 m - a scroll of random uselessness {unknown}
 u - a scroll of remove curse
 x - 3 scrolls of fog {unknown}
 A - a scroll of vulnerability {unknown}
 D - a scroll of summoning
 F - a scroll of immolation
 H - a scroll of magic mapping
 I - a scroll of enchant weapon {unknown}
 L - 4 scrolls of amnesia {unknown}
 M - a scroll of enchant armour {unknown}
 R - 4 scrolls of identify
Potions
 h - 3 potions of mutation {unknown}
 j - 3 potions of brilliance
 l - a potion of haste {unknown}
 n - 7 potions of curing
 o - a potion of berserk rage {unknown}
 q - 2 potions of heal wounds
 r - a potion of might
 s - 7 potions of flight
 v - a potion of lignification {unknown}
 z - a potion of experience {unknown}
 G - a potion of invisibility {unknown}
 J - 7 potions of ambrosia {unknown}
 Q - 2 potions of attraction


   Skills:
 - Level 4.0 Fighting
 + Level 6.5 Long Blades
 - Level 4.0 Dodging
 - Level 2.1 Stealth
 - Level 4.0 Shields
 - Level 4.3 Unarmed Combat
 + Level 7.3 Spellcasting
 + Level 1.0 Conjurations
 + Level 7.5 Necromancy
 - Level 10.0 Ice Magic
 + Level 6.2 Earth Magic


You had 6 spell levels left.
You knew the following spells:

 Your Spells              Type           Power        Failure   Level
a - Freeze                Ice            100%         1%          1
b - Frozen Ramparts       Ice            60%          1%          3
c - Ozocubu's Armour      Ice            30%          3%          3
d - Pain                  Necr           96%          3%          1
e - Vampiric Draining     Necr           12%          10%         3
f - Animate Skeleton      Necr           48%          3%          1
g - Stone Arrow           Conj/Erth      28%          13%         3
h - Mephitic Cloud        Conj/Pois/Air  5%           41%         3

Your spell library contained the following spells:

 Spells                   Type           Power        Failure   Level
 Fulminant Prism          Conj/Hex       3%           78%         4
 Foxfire                  Conj/Fire      24%          16%         1
 Shock                    Conj/Air       24%          16%         1
 Hailstorm                Conj/Ice       19%          19%         4
 Animate Dead             Necr           12%          32%         4
 Conjure Flame            Conj/Fire      6%           41%         3
 Static Discharge         Conj/Air       6%           41%         3
 Inner Flame              Hex/Fire       4%           45%         3
 Corona                   Hex            4%           58%         1
 Summon Ice Beast         Ice/Summ       17%          67%         4
 Agony                    Necr           24%          67%         5
 Poisonous Vapours        Pois/Air       8%           73%         2
 Slow                     Hex            4%           73%         2
 Swiftness                Air            4%           73%         2
 Sticky Flame             Conj/Fire      6%           78%         4
 Airstrike                Air            2%           83%         4
 Leda's Liquefaction      Hex/Erth       6%           90%         4
 Portal Projectile        Hex/Tloc       8%           91%         3
 Fireball                 Conj/Fire      3%           97%         5
 Lightning Bolt           Conj/Air       3%           97%         5
 Yara's Violent Unravell  Hex/Tmut       2%           99%         5
 Freezing Cloud           Conj/Ice/Air   7%           99%         6
 Cause Fear               Hex            2%           100%        4
 Silence                  Hex/Air        2%           100%        5
 Discord                  Hex            2%           100%        8


Dungeon Overview and Level Annotations

Branches:
Dungeon (11/15)            Temple (1/1) D:5            Lair (2/6) D:11
  Swamp (0/4) Lair:2        Sewer (visited)
  Snake: Lair:2-4    Spider: Lair:2-4       Orc: D:9-12

Altars:
Ashenzari
Cheibriados
Dithmenos
Elyvilon
Fedhas
Gozag
Hepliaklqana
Kikubaaqudgha
Makhleb
Nemelex Xobeh
Okawaru
Qazlal
Ru
Sif Muna
Trog
Uskayaw
Vehumet
Wu Jian
Xom
Yredelemnul
Zin
The Shining One

Shops:
D:7 *([*}

Portals:
Trove: D:10 (give 15 scrolls of teleportation)


Innate Abilities, Weirdness & Mutations

You thrive by killing the living.
You are immune to poison.
You have sharp fingernails.
Your flesh is cold resistant. (rC+)
You are immune to negative energy. (rN+++)
You do not regenerate when monsters are visible.
You are immune to unholy pain and torment.
You can survive without breathing.


Message History

The six-headed hydra barely misses you.
Casting: Frozen Ramparts (safe; 1% risk of failure)
Confirm with . or Enter, or press ? or * to list all spells.
Aiming: Vampiric Draining (dangerous; 10% risk of failure)
Press: ? - help, Shift-Dir - straight line, f - six-headed hydra
Aim: a six-headed hydra (heavily wounded, slow)
The six-headed hydra is heavily wounded.
You feel life coursing into your body.
Casting: Vampiric Draining (dangerous; 10% risk of failure)
Confirm with . or Enter, or press ? or * to list all spells.
Aiming: Vampiric Draining (dangerous; 10% risk of failure)
Press: ? - help, Shift-Dir - straight line, f/p - six-headed hydra
Aim: a six-headed hydra (heavily wounded, slow)
The six-headed hydra is heavily wounded.
You feel life coursing into your body.
The wall freezes the six-headed hydra.
The six-headed hydra seems to slow down.
The six-headed hydra bites you!
* * * LOW HITPOINT WARNING * * *
The six-headed hydra bites you!
You die...

**,#.......)..#.............,,,**
***#Y.................#.....,,**
#*##Y.Y.......#.............,,,*
#.#...........#.............,,,*
...)..........+.......#....F,,**
l...<.........#####.$#......,,,*
............................,,**
.......###..#...............,,***
.§.l..## *###P#.@D####.#....,,,*,
...§§§.*#######...# *##,...,,*,*
..§§§D###...#.#..## *,,..,,,,,
.#§§.§§(.........# **,,,,,,,*
####§.§[.........####*#*,,,,,,,**
* **,,..<.......PP.#P##,,,,,,**≈
* *,,.................,,,,,**8, *
*,,P.PP#............,,,,**,,*
*****,,.....#......$....,,,**,,≈,


You could see a six-headed hydra (slow).

Vanquished Creatures
  Fannar (D:10)
  Urug (D:10)
  Sonja (D:10)
  A manticore (D:8)
  Joseph (D:8)
  2 cane toads
  A centaur skeleton (D:11)
  2 komodo dragons
  A queen bee (Lair:1)
  2 hornets
  8 yaks
  A wraith (D:10)
  A wyvern (D:8)
  A basilisk (Lair:1)
  Edmund (D:3)
  5 water moccasins
  Duvessa (D:6)
  3 sky beasts
  4 black bears
  An ice beast (D:9)
  2 orc warriors
  2 phantoms
  5 centaurs
  4 ogres
  10 bullfrogs
  A gnoll sergeant (D:6)
  Dowan (D:6)
  37 killer bees
  8 wights
  3 electric eels (D:10)
  A howler monkey (D:8)
  A quasit (D:8)
  A jelly (D:11)
  Crazy Yiuf (D:4)
  A bullfrog skeleton (D:5)
  5 orc priests
  2 hounds
  2 orc wizards
  7 worker ants
  A merfolk siren (Sewer)
  A merfolk avatar (Sewer)
  A hound skeleton (D:5)
  A worker ant zombie (D:5)
  9 gnolls
  7 adders
  2 shadow imps
  4 white imps
  An ooze (D:2)
  An adder skeleton (D:6)
  2 worms
  A dart slug (D:3)
  8 leopard geckos
  17 orcs
  7 bats
  3 bat zombies (D:8)
  9 giant cockroaches
  7 goblins
  5 hobgoblins
  8 jackals
  3 quokkas
  7 ball pythons
  18 frilled lizards
  7 kobolds
  A quokka skeleton (D:4)
  28 rats
  2 rat zombies (D:8)
294 creatures vanquished.

Vanquished Creatures (others)
  3 fungi
  A plant (D:1)
4 creatures vanquished.

Grand Total: 298 creatures vanquished

Notes
Turn   | Place    | Note
-------+----------+-------------------------------------------
     0 | D:1      | sipior the Ghoul Ice Elementalist began the quest for the
                  | Orb.
     0 | D:1      | Reached XP level 1. HP: 14/14 MP: 2/2
   318 | D:1      | Reached XP level 2. HP: 22/22 MP: 1/3
   882 | D:1      | Reached skill level 1 in Fighting
  1316 | D:2      | Reached XP level 3. HP: 27/28 MP: 2/5
  1828 | D:2      | Reached skill level 1 in Unarmed Combat
  1956 | D:2      | Learned a level 3 spell: Frozen Ramparts
  2073 | D:2      | Noticed a black bear
  2654 | D:2      | Reached XP level 4. HP: 35/35 MP: 6/6
  2783 | D:2      | Found a glowing golden altar of the Shining One.
  3863 | D:4      | Reached skill level 5 in Ice Magic
  3863 | D:4      | Reached XP level 5. HP: 30/41 MP: 4/7
  3969 | D:4      | Noticed Edmund
  4565 | D:3      | Learned a level 3 spell: Ozocubu's Armour
  5489 | D:4      | Found a runed translucent door.
  5490 | D:4      | Noticed Crazy Yiuf
  5564 | D:5      | Entered Level 5 of the Dungeon
  5726 | D:5      | Found a staircase to the Ecumenical Temple.
  5940 | D:4      | Reached XP level 6. HP: 28/50 MP: 6/9
  6333 | Temple   | Entered the Ecumenical Temple
  6451 | Temple   | Became a worshipper of Vehumet
  6654 | D:5      | Reached XP level 7. HP: 40/57 MP: 10/10
  6881 | D:5      | Found a sacrificial altar of Ru.
  7075 | D:6      | You fall into a shaft and drop 1 floor!
  7075 | D:7      | Found Fucuqucveck's Weapon Shop.
  7088 | D:7      | Found Kapnunu's Assorted Antiques.
  7142 | D:6      | Found a sacrificial altar of Ru.
  7144 | D:6      | Noticed Duvessa
  7194 | D:6      | Found a glowing drain.
  7273 | Sewer    | Entered a sewer
  7499 | Sewer    | Reached * piety under Vehumet
  7499 | Sewer    | Offered knowledge of Sandblast by Vehumet.
  7738 | Sewer    | Reached skill level 6 in Ice Magic
  8070 | D:6      | Learned a level 1 spell: Pain
  8074 | D:6      | Learned a level 3 spell: Vampiric Draining
  8348 | D:6      | Reached XP level 8. HP: 60/66 MP: 5/12
  8354 | D:6      | Reached ** piety under Vehumet
  8354 | D:6      | Offered knowledge of Magic Dart by Vehumet.
  8355 | D:6      | Reached skill level 1 in Necromancy
  8493 | D:6      | Noticed Dowan
  8512 | D:6      | Killed Duvessa
  8590 | D:6      | Killed Dowan
  8872 | D:7      | Bought a +2 long sword of draining for 274 gold pieces
  8881 | D:7      | Found Texzej's Antique Armour Shop.
  8906 | D:7      | Reached skill level 1 in Shields
  8992 | D:7      | Noticed a hornet
  9205 | D:7      | Learned a level 1 spell: Animate Skeleton
  9223 | D:7      | Killed a hornet
  9224 | D:7      | Reached skill level 1 in Long Blades
  9306 | D:7      | Found a blossoming altar of Fedhas.
  9376 | D:7      | Found Iluy's Assorted Antiques.
  9389 | D:7      | Bought a scroll labelled YGOGRA DONUT for 18 gold pieces
  9389 | D:7      | Bought a scratched wooden ring for 90 gold pieces
  9389 | D:7      | Bought a scroll labelled YNATTO RUISSU for 18 gold pieces
  9416 | D:7      | Bought a scroll labelled YNATTO RUISSU for 23 gold pieces
  9416 | D:7      | Bought a brown potion for 20 gold pieces
  9416 | D:7      | Bought a scroll labelled VIROPHAUNK for 23 gold pieces
  9416 | D:7      | Bought a scroll labelled ZOGEUTI HUYGE for 23 gold pieces
  9481 | D:7      | Found Tuetod's Gadget Emporium.
  9666 | D:3      | Killed Edmund
  9909 | D:1      | Reached skill level 7 in Ice Magic
  9909 | D:1      | Reached XP level 9. HP: 69/71 MP: 10/14
 10100 | D:4      | Killed Crazy Yiuf
 10256 | D:8      | Noticed Joseph
 10398 | D:8      | Killed Joseph
 10399 | D:8      | Reached skill level 5 in Spellcasting
 10844 | D:8      | Found an ancient bone altar of Kikubaaqudgha.
 10872 | D:8      | Noticed a manticore
 11152 | D:8      | Offered knowledge of Stone Arrow by Vehumet.
 11196 | D:8      | Learned a level 3 spell: Stone Arrow
 11302 | D:8      | Reached skill level 8 in Ice Magic
 11720 | D:8      | Reached XP level 10. HP: 52/78 MP: 12/17
 11886 | D:8      | Killed a manticore
 11887 | D:8      | Reached skill level 1 in Earth Magic
 12352 | D:8      | Reached skill level 5 in Necromancy
 13047 | D:9      | Reached *** piety under Vehumet
 13284 | D:10     | Entered Level 10 of the Dungeon
 13284 | D:10     | Noticed Urug
 13381 | D:10     | Killed Urug
 13968 | D:10     | Reached skill level 5 in Long Blades
 13968 | D:10     | Reached skill level 9 in Ice Magic
 13979 | D:10     | Offered knowledge of Ignite Poison by Vehumet.
 14384 | D:10     | Noticed Sonja
 14395 | D:10     | Reached XP level 11. HP: 77/84 MP: 13/19
 14397 | D:10     | Killed Sonja
 14843 | D:10     | Found a portal to a secret trove of treasure.
 14871 | D:10     | Noticed Fannar
 15321 | D:10     | Learned a level 3 spell: Mephitic Cloud
 15395 | D:10     | Killed Fannar
 15735 | D:11     | Reached skill level 5 in Earth Magic
 15739 | D:11     | Noticed a cyclops
 15782 | D:11     | Found a staircase to the Lair.
 15858 | D:11     | Reached **** piety under Vehumet
 16067 | Lair:1   | Entered Level 1 of the Lair of Beasts
 16208 | Lair:1   | Offered knowledge of Fulminant Prism by Vehumet.
 16209 | Lair:1   | Reached skill level 10 in Ice Magic
 16538 | Lair:1   | You fall into a shaft and drop 1 floor!
 16542 | Lair:2   | Found a staircase to the Swamp.
 16542 | Lair:2   | Noticed an eight-headed hydra
 16644 | Lair:2   | Reached skill level 1 in Conjurations
 16796 | Lair:2   | Slain by a six-headed hydra

Illustrated notes

Levels and vault maps discovered:
D:1:      lightli_arrival_statuegarden, layout_basic, serial_glass,
          glass_columns_b, glass_columns_a, glass_columns_a, glass_columns_b,
          glass_columns_c, glass_columns_a, glass_columns_c, glass_columns_a,
          glass_columns_c, glass_columns_c, glass_columns_a, glass_columns_b,
          glass_columns_a, glass_columns_a, dk_noncrumbling_4,
          roderic_cross_of_infinity
D:2:      layout_basic, tso_altar
D:3:      layout_loops_ring
D:4:      layout_loops_ring, uniq_edmund, uniq_crazy_yiuf_cottage
D:5:      layout_basic, minmay_temple_entry_statues_fountains,
          nicolae_ru_path_of_blood
D:6:      layout_cave_pools, portal_sewer_entry_f, basic_altar, uniq_duvessa
D:7:      layout_rooms, basic_altar, serial_shops, kennysheep_mini_moat,
          nicolae_shop_stone, nicolae_shop_window_shopping, shop, shop_coins
D:8:      layout_cave_pools, lemuel_zombie_altar_kikubaaqudgha, uniq_joseph
D:9:      layout_basic
D:10:     layout_basic, enter_trove_6, uniq_fannar, uniq_urug, uniq_sonja
D:11:     layout_cave_pools, david_lair_generic, serial_rivers,
          chequers_serial_rivers_small_b, chequers_serial_rivers_micro_b,
          chequers_serial_rivers_large_b, chequers_serial_rivers_small_3,
          chequers_serial_rivers_room_a, chequers_serial_rivers_micro_d,
          lemuel_hellish_altar
Temple:   kilobyte_greek_temple
Lair:1:   lemuel_reptile_caves, layout_hall_layers, special_room
          [special_room_bee], uniq_gastronok
Lair:2:   layout_chaotic_city, minmay_swamp_entry_reptiles,
          portal_ice_cave_rime, nzn_ghost_randoct, uniq_erica

Skill      XL: |  1  2  3  4  5  6  7  8  9 10 11 |
---------------+----------------------------------+-----
Dodging        | 2 3 4 |  4.0
Spellcasting   | 2 3 4 5 6 7 |  7.3
Fighting       | 1 2 3 4 |  4.0
Unarmed Combat | 1 2 3 4 |  4.3
Ice Magic      | 5 6 7 8 9 10 | 10.0
Necromancy     | 2 4 6 7 |  7.5
Shields        | 2 4 |  4.0
Long Blades    | 2 3 5 6 |  6.5
Earth Magic    | 4 6 |  6.2
Conjurations   | 1 |  1.0
Stealth        | |  2.1

Action                   |  1- 3 |  4- 6 |  7- 9 | 10-12 || total
-------------------------+-------+-------+-------+-------++-------
Melee: Unarmed           |   116 |   189 |   193 |       ||   498
       Punch             |       |       |     2 |       ||     2
       Long sword        |       |       |   133 |   105 ||   238
       Double sword      |       |       |       |   218 ||   218
Throw: Dart              |       |     2 |       |       ||     2
 Cast: Freeze            |    57 |    39 |    52 |     4 ||   152
       Frozen Ramparts   |       |     3 |    29 |    24 ||    56
       Ozocubu's Armour  |       |     1 |    16 |    11 ||    28
       Vampiric Draining |       |       |     1 |     5 ||     6
       Pain              |       |       |       |    18 ||    18
       Stone Arrow       |       |       |       |     3 ||     3
       Mephitic Cloud    |       |       |       |     1 ||     1
Evoke: Wand              |       |       |       |    22 ||    22
  Use: Scroll            |       |       |    15 |     3 ||    18
       Potion            |       |       |     1 |       ||     1
 Stab: Sleeping          |     4 |     3 |     1 |     6 ||    14
Armor: Robe              |    29 |       |       |       ||    29
       Leather armour    |    26 |    44 |   144 |    81 ||   295
       Scale mail        |       |       |       |    44 ||    44
Dodge: Dodged            |   130 |   139 |   264 |   255 ||   788
Block: Buckler           |       |       |    36 |    81 ||   117
       Rpst.: Long sword |       |       |    41 |    14 ||    55
       Double sword      |       |       |       |    65 ||    65
